 Dungeon Crawl Stone Soup version 0.28.0 (webtiles) character file.

Game seed: 7327583573852783511

309 pkoi the Conjurer (level 6, -8/45 HPs)
             Began as a Draconian Conjurer on Feb 7, 2022.
             Mangled by an orc warrior (19 damage)
             ... on level 3 of the Dungeon.
             The game lasted 00:04:30 (3659 turns).

pkoi the Conjurer (Draconian Conjurer)              Turns: 3659, Time: 00:04:30

Health: -8/45      AC:  6    Str: 10    XL:     6   Next: 17%
Magic:  11/11      EV: 12    Int: 20    God:
Gold:   166        SH:  0    Dex:  9    Spells: 5/12 levels left

rFire   . . .      SeeInvis .   a - +4 mace (venom)
rCold   . . .      Faith    .   (no shield)
rNeg    . . .      Spirit   .   (armour unavailable)
rPois   .          Reflect  .   (helmet restricted)
rElec   .          Harm     .   (no cloak)
rCorr   .          Rampage  .   (no gloves)
Will    .....                   (no boots)
Stlth   ++........              c - amulet of regeneration
HPRegen 0.95/turn               (no ring)
MPRegen 0.12/turn               (no ring)

@: no status effects
A: AC +6, unfitting armour, cold-blooded
a: no special abilities


You were on level 3 of the Dungeon.
You visited 1 branch of the dungeon, and saw 4 of its levels.

You collected 166 gold pieces.

Inventory:

Hand Weapons
 a - a +4 mace of venom (weapon)
Missiles
 g - 5 poisoned darts
Jewellery
 c - an amulet of regeneration (around neck)
Scrolls
 e - 2 scrolls of identify
 i - a scroll of amnesia
 j - 2 scrolls of blinking {unknown}
Potions
 b - 3 potions of haste {unknown}
 d - a potion of brilliance {unknown}
 f - a potion of flight
 h - a potion of heal wounds {unknown}


   Skills:
 - Level 1.7 Dodging
 - Level 1.7 Stealth
 + Level 3.6 Spellcasting
 * Level 6.3 Conjurations
 + Level 1.7 Translocations


You had 5 spell levels left.
You knew the following spells:

 Your Spells              Type           Power      Damage    Failure   Level
a - Magic Dart            Conj           100%       1d8       1%          1
b - Searing Ray           Conj           58%        2d6       1%          2
c - Iskenderun's Mystic   Conj/Tloc      19%        2d6       26%         4

Your spell library contained the following spells:

 Spells                   Type           Power      Damage    Failure   Level
 Dazzling Flash           Conj/Hex       32%        N/A       11%         3
 Fulminant Prism          Conj/Hex       8%         3d7       36%         4


Dungeon Overview and Level Annotations

Branches:
Dungeon (4/15)
 Temple: D:4-7

Altars:

Shops:
D:1 :


Innate Abilities, Weirdness & Mutations

Your plain brown scales are hard. (AC +6)
You cannot fit into any form of body armour.
You are cold-blooded and may be slowed by cold attacks.


Message History

a +0 short sword; a +0 leather armour; an orc corpse You see here 2 boomerangs.
The orc wizard shouts!
You hear a shout!
The orc wizard gestures at you while chanting.
You are confused.
There are monsters nearby!
The orc wizard mumbles some strange words.
The orc wizard flickers and vanishes!
Deactivating autopickup; reactivate with Ctrl-A.
The orc warrior hits you with a +0 battleaxe!
You feel less confused.
The orc warrior hits you with a +0 battleaxe!
* * * LOW HITPOINT WARNING * * *
A puff of flame appears from out of thin air!
The puff of flame hits you!
* * * LOW HITPOINT WARNING * * *
A puff of flame appears from out of thin air!
The puff of flame misses you.
There is a stone staircase leading up here.
The orc warrior hits you with a +0 battleaxe!
* * * LOW HITPOINT WARNING * * *
You climb upwards.
Reactivating autopickup.
There is a stone staircase leading down here.
Unknown command.
Casting: Magic Dart (safe; 1% risk of failure)
Confirm with . or Enter, or press ? or * to list all spells.
Okay, then.
Unknown command.
You hit the orc warrior.
The orc warrior is poisoned.
The orc warrior is moderately wounded.
The orc warrior hits you with a +0 battleaxe!
* * * LOW HITPOINT WARNING * * *
You barely miss the orc warrior.
You tail-slap the orc warrior, but do no damage.
The orc warrior is moderately wounded.
The orc warrior hits you with a +0 battleaxe!!
* * * LOW HITPOINT WARNING * * *
The orc warrior hits you with a +0 battleaxe!!
You die...

###.#.##.##.......#.#
###.#.##.##...#.###.#
....#..#.##.........#
.#####.#.##.#..#....#
.......#.#<....#.##.#
###.##...##.#.......# #
#.##......####....# #
#.........#######.### #
#####..##.#...@o....# #
###..#.......##### #
#....###..##.#
#....#....##.#######
#....#.............#
#......#.##.##..####
###<...#.##.#...###
######.#.....#.#....[##
#........>............#


You could see an orc warrior (very poisoned).

Vanquished Creatures
  A scorpion (D:3)
  A howler monkey (D:4)
  A hound (D:4)
  A jelly (D:3)
  An orc priest (D:4)
  An orc wizard (D:4)
  A gnoll (D:2)
  An adder (D:2)
  3 worms
  A dart slug (D:4)
  6 orcs
  2 ball pythons
  5 bats
  6 endoplasms
  3 giant cockroaches
  8 hobgoblins
  4 quokkas
  6 frilled lizards
  6 goblins
  2 kobolds (D:2)
  A quokka skeleton (D:4)
  2 rats (D:1)
63 creatures vanquished.

Vanquished Creatures (others)
  2 withered plants (D:1)
2 creatures vanquished.

Grand Total: 65 creatures vanquished

Notes
Turn   | Place    | Note
-------+----------+-------------------------------------------
     0 | D:1      | pkoi the Draconian Conjurer began the quest for the Orb.
     0 | D:1      | Reached XP level 1. HP: 14/14 MP: 3/3
   182 | D:1      | Reached XP level 2. HP: 12/20 MP: 1/5
   339 | D:1      | Found Qucyrr's Book Boutique.
   667 | D:1      | Found a faded altar of an unknown god.
  1307 | D:2      | Reached XP level 3. HP: 16/26 MP: 0/6
  1777 | D:1      | Learned a level 2 spell: Searing Ray
  1906 | D:2      | Reached skill level 5 in Conjurations
  2433 | D:3      | Noticed a scorpion
  2441 | D:3      | Killed a scorpion
  2442 | D:3      | Reached XP level 4. HP: 26/33 MP: 0/8
  2511 | D:3      | Learned a level 4 spell: Iskenderun's Mystic Blast
  2627 | D:3      | Reached XP level 5. HP: 38/38 MP: 3/9
  3130 | D:4      | Reached skill level 1 in Translocations
  3157 | D:4      | Reached skill level 6 in Conjurations
  3524 | D:4      | Noticed an orc warrior
  3559 | D:4      | Reached XP level 6. HP: 45/45 MP: 5/11
  3659 | D:3      | Mangled by an orc warrior

Illustrated notes

Levels and vault maps discovered:
D:1:      giann_wishing_wells, layout_basic, ebering_ecumenical_altar_petrified,
          serial_shops, nicolae_shop_trees, kennysheep_nondescript
D:2:      layout_basic, serial_co_window_serial, co_window_cross_1,
          co_window_corner_a, co_window_corner_a, co_window_paths_a,
          co_window_corner_a, co_window_corner_a, co_window_broadway_a,
          co_window_corner_cb, co_window_corner_b, co_window_corner_cb,
          glass_columns_b, glass_columns_b, glass_columns_a, glass_columns_b,
          glass_columns_b, due_unseen_surprise
D:3:      layout_basic
D:4:      layout_loops_cross

Skill      XL: |  1  2  3  4  5 |
---------------+----------------+-----
Conjurations   | 5 6 |  6.3
Spellcasting   | 3 |  3.6
Translocations | 1 |  1.7
Dodging        | |  1.7
Stealth        | |  1.7

Action                   |  1- 3 |  4- 6 || total
-------------------------+-------+-------++-------
Melee: Mace              |    21 |    14 ||    35
       Unarmed           |     1 |       ||     1
       Tailslap          |       |     1 ||     1
 Cast: Magic Dart        |    68 |    43 ||   111
       Searing Ray       |     2 |     1 ||     3
  Use: Scroll            |     4 |     1 ||     5
 Stab: Sleeping          |       |     1 ||     1
Armor: Skin              |     9 |     6 ||    15
Dodge: Dodged            |    16 |     8 ||    24
